AoeStats
← Dioblo

Arabia

508225132Analyzed
1v1 RM · 12d ago on Sep 21, 2026· 28m 22s· 2 players
Game mode
Random Map
Map size
Tiny (2 player)
Population
200
Speed
Normal
Resources
Standard
Victory
Conquest
Starting age
Dark Age
Ending age
Imperial Age
RankedLock teamsTeams togetherTeam positionsShared explorationLock speedFull tech treeHidden civsTurbo modeCheats
Victory
Defeat
🇲🇽 Lithuanians · Mexico
1354
+17
🇧🇷 Turks · Brazil
1365
-17
NecroSorcererII
7:10 Loom
9:22 Feudal Age
10:04 Double-Bit Axe
11:08 Horse Collar
15:19 Scale Barding Armor
15:54 Wheelbarrow
16:43 Scale Mail Armor
16:56 Forging
18:23 Scale Mail Armor
22:34 Castle Age
22:03 Bloodlines
22:42 Light Cavalry
24:42 Iron Casting
26:37 Chain Barding Armor
28:00 Heavy Plow
Dioblo
6:45 Loom
9:23 Feudal Age
14:39 Double-Bit Axe
19:37 Castle Age
17:51 Horse Collar
21:58 Fletching
23:07 Gold Mining
25:14 Heavy Plow
25:30 Husbandry
Connection lost

Rejoining the realm…

Still unreachable

The connection could not be restored.

Session expired

The server has moved on; the page needs a fresh start.